 Dungeon Crawl Stone Soup version 0.30-a0-840-ga523dec638 (webtiles) character file.

Game seed: 5808566108480313567

26970 Zonian the Grappler (level 13, -24/121 HPs)
             Began as a Vine Stalker Fighter on Mar 2, 2023.
             Was an Elder of Ashenzari.
             Annihilated by a spriggan rider
             ... wielding a +2 antimagic demon trident
              (38 damage)
             ... on level 3 of the Lair of Beasts.
             The game lasted 00:34:27 (14389 turns).

Zonian the Grappler (Vine Stalker Fighter)         Turns: 14389, Time: 00:34:28

Health: -24/121    AC: 12    Str: 24    XL:     13   Next: 29%
Magic:  0/14       EV: 14    Int:  8    God:    Ashenzari [****..]
Gold:   588        SH:  5    Dex: 14    Spells: 12/12 levels left

rFire   . . .      SeeInvis +      - Unarmed
rCold   . . .      Faith    .    b - +0 buckler of the Fated Oracle {Cun, Range} (curse)
rNeg    . . .      Spirit   +    a - +0 scale mail "Enlightened Gnosis" {Melee, Alch} (curse)
rPois   .          Reflect  .    E - +2 helmet of Ashenzari's Servitude {Fort, Comp} (curse)
rElec   .          Harm     .    (no cloak)
rCorr   .          Rampage  .    (no gloves)
Will    ++...      Clarity  +    u - +1 pair of boots of Supernal Understanding {Evo, Fort} (curse) Stlth
                                 e - amulet "Bound Together" {RegenMP, Self, Evo} (curse)
HPRegen 1.20/turn                D - ring of willpower
MPRegen 0.54/turn                y - ring "Overhang to Understand" {EV+5, Alch, Cun} (curse)

@: mighty, berserking, very quick
A: fangs 3, regeneration 1, magic shield, antimagic bite, no potion heal 2
a: Renounce Religion, Shatter the Chains


You were on level 3 of the Lair of Beasts.
You worshipped Ashenzari.
Ashenzari was greatly pleased with you.
You visited 3 branches of the dungeon, and saw 13 of its levels.

You collected 588 gold pieces.

Inventory:

Missiles
 c - 3 throwing nets
 n - 27 poisoned darts (quivered)
 o - 8 boomerangs
 I - 3 datura-tipped darts
Armour
 a - the cursed +0 scale mail "Enlightened Gnosis" (worn) {Melee, Alch}

   It has a curse which improves the following skills: Melee Combat: Short
   Blades, Long Blades, Axes, Maces & Flails, Polearms, Staves and Unarmed
   Combat.
   Alchemy:   Poison Magic and Transmutations.
 b - the cursed +0 buckler of the Fated Oracle (worn) {Cun, Range}

   It has a curse which improves the following skills: Cunning: Dodging and
   Stealth.
   Ranged Combat: Ranged Weapons and Throwing.
 u - the cursed +1 pair of boots of Supernal Understanding (worn) {Evo, Fort}
   (You found it on level 4 of the Dungeon)

   It has a curse which improves the following skills: Evocations: Evocations.
   Fortitude: Armour and Shields.
 E - the cursed +2 helmet of Ashenzari's Servitude (worn) {Fort, Comp}
   (You found it on level 7 of the Dungeon)

   It has a curse which improves the following skills: Fortitude: Armour and
   Shields.
   Companions: Summonings and Necromancy.
 F - an orb of light
Jewellery
 e - the cursed amulet "Bound Together" (around neck) {RegenMP, Self, Evo}
   (You found it on level 3 of the Dungeon)

   [amulet of magic regeneration]

   It increases your rate of magic regeneration.
   It has a curse which improves the following skills: Introspection: Fighting
   and Spellcasting.
   Evocations: Evocations.
 f - a ring of positive energy
 y - the cursed ring "Overhang to Understand" (right hand) {EV+5, Alch, Cun}
   (You found it on level 5 of the Dungeon)

   [ring of evasion]

   EV:        It affects your evasion (+5).
   It has a curse which improves the following skills: Alchemy: Poison Magic and
   Transmutations.
   Cunning:   Dodging and Stealth.
 D - a ring of willpower (left hand)
 H - a +6 ring of intelligence
Wands
 h - a wand of flame (4)
 x - a wand of mindburst (3)
 A - a wand of iceblast (5)
 G - a wand of paralysis (6)
 J - a wand of polymorph (8)
Scrolls
 i - 3 scrolls of fog
 l - 3 scrolls of poison
 C - 2 scrolls of teleportation
Potions
 d - 3 potions of resistance
 g - a potion of flight
 j - a potion of haste
 m - 2 potions of magic
 p - 2 potions of curing
 q - 3 potions of ambrosia
 r - a potion of attraction
 s - a potion of lignification
 v - 2 potions of mutation
 w - 2 potions of brilliance
 z - a potion of berserk rage
 B - 2 potions of heal wounds


   Skills:
 + Level 13.8(15.7) Fighting
 - Level 2.6(5.0) Armour
 - Level 6.4(9.4) Stealth
 - Level 2.9(5.3) Shields
 + Level 14.8(16.7) Unarmed Combat


You had 12 spell levels left.
You didn't know any spells.
Your spell library contained the following spells:

 Spells                   Type           Power      Damage    Failure   Level
 Freeze                   Ice            0%         1d3       78%         1
 Magic Dart               Conj           0%         1d3       78%         1
 Call Imp                 Summ           0%         N/A       87%         2
 Cigotuvi's Dreadful Rot  Necr/Pois/Air  0%         N/A       87%         2
 Dazzling Flash           Conj/Hex       0%         N/A       98%         3
 Frozen Ramparts          Ice            0%         1d1       98%         3
 Gell's Gravitas          Tloc           0%         N/A       98%         3
 Hailstorm                Conj/Ice       0%         3d3       98%         3
 Mephitic Cloud           Conj/Pois/Air  0%         N/A       98%         3
 Ozocubu's Armour         Ice            0%         N/A       98%         3
 Teleport Other           Tloc           0%         N/A       98%         3
 Dispel Undead            Necr           0%         3d6       100%        4
 Iskenderun's Mystic Bla  Conj/Tloc      0%         2d3       100%        4
 Olgreb's Toxic Radiance  Pois           0%         N/A       100%        4
 Death Channel            Necr           0%         N/A       100%        6
 Dispersal                Tloc           0%         N/A       100%        6
 Starburst                Conj/Fire      0%         6d3       100%        6
 Ozocubu's Refrigeration  Ice            0%         4d7       100%        7
 Ignition                 Fire           0%         3d3       100%        8


Dungeon Overview and Level Annotations

Branches:
Dungeon (9/15)             Temple (1/1) D:6            Lair (3/5) D:9
 Shoals (0/4) Lair:2       Spider (0/4) Lair:3
    Orc: D:9-12

Altars:
Ashenzari
Cheibriados
Dithmenos
Elyvilon
Fedhas
Gozag
Hepliaklqana
Kikubaaqudgha
Makhleb
Nemelex Xobeh
Okawaru
Qazlal
Sif Muna
Trog
Wu Jian
Xom
Yredelemnul
Zin
The Shining One

Shops:
D:8 :   D:9 :

Annotations:
D:5 1 runed translucent door, Crazy Yiuf
D:9 1 runed translucent door, epsilonplus's ghost, journeyman TeHu
Lair:3 1 transporter, TheSexyCheese's ghost, journeyman TrFi


Innate Abilities, Weirdness & Mutations

You have razor-sharp teeth.
Your natural rate of healing is unusually fast.
When hurt, damage is shared between your health and your magic reserves.
Your bite disrupts and absorbs the magic of your enemies.
Potions cannot restore your health.


Message History

You pummel the spriggan!! You bite the spriggan.
You kill the spriggan!
You block the spriggan rider's attack.
You barely miss the spriggan. Your bite misses the spriggan.
The spriggan hits you with a +0 dagger.
The spriggan hits you with a +0 short sword.
The spriggan rider hits you from afar with a +1 antimagic trident!
You feel your power leaking away.
You completely miss TheSexyCheese's ghost.
The spriggan hits you with a +0 dagger.
The spriggan hits you with a +0 short sword.
You block the spriggan's attack.
The spriggan rider hits you from afar with a +2 antimagic demon trident!!
You feel your power leaking away.
You are too injured to fight recklessly!
Unknown command.
Blink to where?
Press: ? - help, Dir - move target, f - you
Okay, then.
Blink to where?
Press: ? - help, Dir - move target
As you read the scroll of blinking, it crumbles to dust.
The moth of wrath goads the spriggan rider on!
The spriggan rider goes berserk!
Okay, then.
A red film seems to cover your vision as you go berserk!
You feel yourself moving faster!
You feel mighty!
The spriggan rider hits you from afar with a +1 antimagic trident!
You feel your power leaking away.
The spriggan berserker barely misses you.
The moth of wrath goads the spriggan rider on!
The spriggan rider goes berserk!
The spriggan rider misses you.
You barely miss the spriggan berserker.
Your bite misses the spriggan berserker.
The spriggan rider hits you from afar with a +2 antimagic demon trident!!
* * * LOW HITPOINT WARNING * * *
The spriggan berserker misses you. The spriggan rider closely misses you.
You completely miss the spriggan berserker.
The spriggan rider hits you from afar with a +2 antimagic demon trident!!!
You die...

* ** ,...,, ....,...#*
* ### ,..., ## ,, ##..
* ..## #P , *....,
#..# #P., #. #.*###
..#
#..##.###.#≈#.##.##
##..#..#≈ii@##.i#..##
#..©#©W.#iiy...©#©..##
##..#).i.i$=#...#....#
#..##....#≈##.##...##
##.,#[...###..#...##
#,∆##.....#*##††..# ,
###...###.†..## #####
.#####......#####.#..
*
,.................[.).


You could see 2 spriggan riders, a spriggan berserker, a moth of wrath, 3
spriggans and TheSexyCheese's ghost.

Vanquished Creatures
  Gastronok (Lair:1)
  Harold (D:9)
  A catoblepas (Lair:2)
  Erica (Lair:1)
  A black mamba (Lair:1)
  7 cane toads
  A rime drake (D:9)
  2 polar bears
  A hornet (D:9)
  13 blink frogs
  3 jumping spiders (Lair:3)
  A spriggan (Lair:3)
  Sigmund (D:5)
  A shadow (D:9)
  9 yaks
  2 wyverns
  2 steam dragons
  2 basilisks
  Edmund (D:5)
  2 water moccasins
  An acid dragon (D:8)
  6 ice beasts
  2 black bears
  5 orc warriors
  3 ogres (D:5)
  4 wolves (D:9)
  3 centaurs
  A necrophage (D:4)
  7 bullfrogs
  A gnoll sergeant (D:7)
  5 scorpions
  14 wights
  7 killer bees
  2 electric eels (Lair:2)
  2 jellies
  An orc priest (D:9)
  8 hounds
  Jessica (D:2)
  4 gnoll boudas
  Terence (D:2)
  3 iguanas
  Natasha (thrice) (D:2)
  5 orc wizards
  7 hell rats (Lair:2)
  25 gnolls
  13 adders
  A shadow imp (D:5)
  4 white imps
  11 dart slugs
  25 orcs
  9 ball pythons
  6 endoplasms
  6 giant cockroaches
  6 goblins
  5 hobgoblins
  4 jackals
  2 quokkas
  13 bats
  2 frilled lizards
  9 kobolds
  2 rats
292 creatures vanquished.

Vanquished Creatures (others)
  4 fungi (Lair:1)
  15 plants
19 creatures vanquished.

Grand Total: 311 creatures vanquished

Notes
Turn   | Place    | Note
-------+----------+-------------------------------------------
     0 | D:1      | Zonian the Vine Stalker Fighter began the quest for the
                  | Orb.
     0 | D:1      | Reached XP level 1. HP: 11/11 MP: 2/2
   150 | D:1      | Reached XP level 2. HP: 16/16 MP: 3/3
   637 | D:2      | Reached XP level 3. HP: 20/20 MP: 4/4
   972 | D:2      | Noticed Natasha
   982 | D:2      | Killed Natasha
   983 | D:2      | Reached skill level 3 in Unarmed Combat
   983 | D:2      | Gained mutation: Your natural rate of healing is unusually
                  | fast. [Vine Stalker growth]
   983 | D:2      | Reached XP level 4. HP: 9/24 MP: 2/5
  1076 | D:2      | Noticed Natasha
  1084 | D:2      | Killed Natasha
  1133 | D:2      | Reached XP level 5. HP: 21/29 MP: 4/6
  1178 | D:2      | Noticed Natasha
  1184 | D:2      | Killed Natasha
  1197 | D:2      | Noticed Terence
  1212 | D:2      | Killed Terence
  1295 | D:2      | Noticed Jessica
  1304 | D:2      | Killed Jessica
  1305 | D:2      | Reached skill level 4 in Unarmed Combat
  2078 | D:3      | Reached XP level 6. HP: 30/34 MP: 3/7
  2767 | D:4      | Reached skill level 5 in Fighting
  2767 | D:4      | Reached skill level 5 in Unarmed Combat
  2841 | D:4      | Reached XP level 7. HP: 24/39 MP: 8/8
  3575 | D:4      | Reached skill level 6 in Unarmed Combat
  3918 | D:5      | Entered Level 5 of the Dungeon
  3920 | D:5      | Noticed Sigmund
  4195 | D:5      | Gained mutation: You have razor-sharp teeth. [Vine Stalker
                  | growth]
  4195 | D:5      | Reached XP level 8. HP: 21/44 MP: 6/9
  4886 | D:5      | Reached skill level 7 in Unarmed Combat
  4902 | D:5      | Noticed Edmund
  4914 | D:5      | Killed Edmund
  4952 | D:5      | Found a hazy altar of Hepliaklqana.
  5330 | D:5      | Killed Sigmund
  5331 | D:5      | Reached skill level 8 in Unarmed Combat
  5331 | D:5      | Reached XP level 9. HP: 50/50 MP: 10/10
  5624 | D:5      | Found a runed translucent door.
  5625 | D:5      | Noticed Crazy Yiuf
  6462 | D:6      | Found a staircase to the Ecumenical Temple.
  6477 | Temple   | Entered the Ecumenical Temple
  6477 | Temple   | Found a transporter.
  6477 | Temple   | Found a transporter.
  6479 | Temple   | Found a transporter.
  6479 | Temple   | Found a transporter.
  6517 | Temple   | Became a worshipper of Ashenzari the Shackled
  6690 | D:6      | Reached skill level 9 in Unarmed Combat
  7522 | D:7      | Found an ornate altar of the Wu Jian Council.
  7891 | D:7      | Reached XP level 10. HP: 58/58 MP: 11/11
  8098 | D:8      | Reached skill level 10 in Unarmed Combat
  9157 | D:9      | Found Ynisuj's Book Shoppe.
  9172 | D:8      | Reached * piety under Ashenzari
  9324 | D:9      | Reached skill level 10 in Fighting
  9450 | D:9      | Noticed Harold
  9488 | D:9      | Killed Harold
  9572 | D:9      | Reached skill level 11 in Unarmed Combat
  9572 | D:9      | Noticed epsilonplus's ghost (journeyman TeHu)
  9574 | D:9      | Found a runed translucent door.
  9635 | D:9      | Found a staircase to the Lair.
 10121 | D:9      | Reached ** piety under Ashenzari
 10219 | D:9      | Reached XP level 11. HP: 59/64 MP: 12/12
 10359 | D:9      | Paralysed by a hornet for 3 turns
 10366 | D:9      | Paralysed by a hornet for 2 turns
 10367 | D:9      | HP: 3/65 [hornet (1)]
 10368 | D:9      | HP: 1/65 [hornet (3)]
 10372 | D:9      | Reached skill level 1 in Stealth
 10372 | D:9      | Reached skill level 12 in Unarmed Combat
 10677 | Lair:1   | Entered Level 1 of the Lair of Beasts
 10677 | Lair:1   | Noticed Gastronok
 10717 | Lair:1   | Noticed Erica
 10738 | Lair:1   | Killed Erica
 11534 | Lair:1   | Killed Gastronok
 11535 | Lair:1   | Reached skill level 5 in Stealth
 11571 | Lair:1   | Identified the cursed +2 helmet of Ashenzari's Servitude
                  | {Fort, Comp} (You found it on level 7 of the Dungeon)
 11571 | Lair:1   | Identified the cursed +1 pair of boots of Supernal
                  | Understanding {Evo, Fort} (You found it on level 4 of the
                  | Dungeon)
 12121 | Lair:1   | Reached *** piety under Ashenzari
 12248 | Lair:1   | Reached skill level 13 in Unarmed Combat
 12248 | Lair:1   | Reached XP level 12. HP: 62/74 MP: 13/13
 12505 | Lair:2   | Found a staircase to the Shoals.
 12701 | Lair:2   | Reached **** piety under Ashenzari
 12717 | Lair:2   | Reached skill level 14 in Unarmed Combat
 12717 | Lair:2   | Reached XP level 13. HP: 80/80 MP: 14/14
 14060 | Lair:3   | Found a dark tunnel.
 14093 | Lair:3   | Found a hole to the Spider Nest.
 14350 | Lair:3   | Found a transporter.
 14374 | Lair:3   | Found a transporter.
 14375 | Lair:3   | Found a bloodstained altar of Trog.
 14382 | Lair:3   | Noticed TheSexyCheese's ghost (journeyman TrFi)
 14389 | Lair:3   | Annihilated by a spriggan rider

Illustrated notes

Levels and vault maps discovered:
D:1:      noname_arrival_rooms_in_the_neighbourhood, layout_rooms,
          minmay_stone_trees_small
D:2:      layout_rooms, uniq_jessica, uniq_natasha, uniq_terence
D:3:      layout_rooms
D:4:      kennysheep_slugbush, layout_loops_corners
D:5:      wad_river_or_something, layout_basic,
          nicolae_hepliaklqana_hazy_memory, uniq_crazy_yiuf_cottage,
          uniq_sigmund, uniq_edmund
D:6:      layout_basic, minmay_temple_entry_drinking_statues,
          kennysheep_generic_room_3
D:7:      layout_rooms, kennysheep_little_box
D:8:      layout_cave_pools
D:9:      layout_long_grid, hellmonk_lair_entry_icy,
          hellmonk_ghost_happy_afterlife, nicolae_stop_n_shop_2, uniq_harold
Temple:   hellmonk_temple_divided_pantheon
Lair:1:   layout_long_grid, uniq_erica, uniq_gastronok
Lair:2:   layout_chaotic_city, elwin_shoals_entry_rocks, lemuel_fruit_tree,
          serial_bayou_shore_a, grunt_megastairs_2
Lair:3:   layout_hall_layers, spider_nest_entry_a, enter_volcano_4,
          serial_forest, infiniplex_forest_straight_2,
          infiniplex_forest_clump_double, infiniplex_forest_lined_1,
          infiniplex_forest_lined_room_2, gammafunk_ghost_wrathful_warriors

Skill      XL: |  1  2  3  4  5  6  7  8  9 10 11 12 |
---------------+-------------------------------------+-----
Fighting       | 3 4 5 6 7 9 10 12 13 | 13.8
Unarmed Combat | 3 4 5 6 8 9 11 13 14 | 14.8
Stealth        | 6 |  6.4
Armour         | |  2.6
Shields        | |  2.9

Action                     |  1- 3 |  4- 6 |  7- 9 | 10-12 | 13-15 || total
---------------------------+-------+-------+-------+-------+-------++-------
  Melee: Unarmed           |    88 |   185 |   367 |   334 |    88 ||  1062
         Bite              |    18 |    42 |   113 |   100 |    32 ||   305
  Throw: Dart              |       |     3 |    14 |       |       ||    17
         Throwing net      |       |       |       |     1 |       ||     1
         Boomerang         |       |       |       |     3 |       ||     3
 Invoke: Curse Item        |       |       |     1 |     5 |       ||     6
  Evoke: Wand              |       |       |     6 |     4 |     3 ||    13
    Use: Scroll            |       |    13 |     8 |     6 |     1 ||    28
         Potion            |       |       |     2 |     6 |     2 ||    10
   Stab: Distracted        |       |       |       |     1 |       ||     1
         Sleeping          |       |       |       |       |     2 ||     2
 Armour: Scale mail        |    32 |    59 |    86 |    94 |    32 ||   303
  Dodge: Dodged            |    42 |    51 |   178 |   208 |    52 ||   531
  Block: Buckler           |    21 |    34 |    60 |    73 |    21 ||   209

Table legend: (Time is in decaauts)
 A = Elapsed time spent in this place.
 B = Non-inter-level travel time spent in this place.
 C = Inter-level travel time spent in this place.
 D = Time resting spent in this place.
 E = Time spent auto-exploring this place.
 F = Levels seen in this place.
 G = Mean time per level.
                   A        B        C        D        E       F      G
               +--------+--------+--------+--------+--------+-----+--------+
         Total |  14298 |  13998 |    300 |   5962 |   4928 |  13 | 1099.8 |
       Dungeon |  10572 |  10333 |    239 |   4188 |   3768 |   9 | 1174.7 |
        Temple |     54 |     54 |      0 |      0 |      0 |   1 |   54.0 |
          Lair |   3670 |   3609 |     61 |   1774 |   1159 |   3 | 1223.3 |
               +--------+--------+--------+--------+--------+-----+--------+

Top non-repeatable levels by time:
     D:5: 1938 daAuts
  Lair:1: 1801 daAuts
     D:4: 1645 daAuts
  Lair:2: 1494 daAuts
     D:8: 1434 daAuts
     D:9: 1164 daAuts
     D:3: 1067 daAuts
     D:7: 947 daAuts
     D:6: 935 daAuts
     D:2: 831 daAuts
     D:1: 606 daAuts
  Lair:3: 375 daAuts
  Temple: 54 daAuts
